 Dungeon Crawl Stone Soup version 0.29-a0-323-g050149af67 (webtiles) character file.

Game seed: 12390593944532788953

1315 Essalna the Ducker (level 8, 0/58 HPs)
             Began as a Djinni Conjurer on Apr 12, 2022.
             Was an Initiate of Makhleb.
             Slain by a sky beast (1 damage)
             ... on level 6 of the Dungeon.
             The game lasted 00:11:07 (7201 turns).

Essalna the Ducker (Djinni Conjurer)                Turns: 7201, Time: 00:11:07

Health: 0/58       AC:  3    Str:  6    XL:     8   Next: 89%
Gold:   285        EV: 14    Int: 22    God:    Makhleb [......] SH:  0 Dex: 12

rFire   + + .      SeeInvis .   t - +4 spear (freeze)
rCold   x . .      Faith    .   (no shield)
rNeg    . . .      Spirit   .   s - +1 robe of Tuigiero {rPois}
rPois   ∞          Reflect  .   (no helmet)
rElec   .          Harm     .   (no cloak)
rCorr   .          Rampage  .   (no gloves)
Will    .....                   (boots unavailable)
Stlth   ++........              (no amulet)
HPRegen 0.19/turn               (no ring)
MPRegen 0.00/turn               (no ring)

@: flying, very slightly contaminated
A: sickness immunity, fire resistance 2, cold vulnerability 1, float, innate
caster, HP casting, extra vitality 1
a: Renounce Religion


You were on level 6 of the Dungeon.
You worshipped Makhleb.
Makhleb was noncommittal.
You visited 2 branches of the dungeon, and saw 7 of its levels.

You collected 285 gold pieces.

Inventory:

Hand Weapons
 t - a +4 spear of freezing (weapon)
Armour
 a - a +0 robe
 s - the +1 robe of Tuigiero (worn) {rPois}
   (You found it on level 3 of the Dungeon)

   rPois:     It protects you from poison.
Magical Staves
 j - a staff of air
Jewellery
 x - a ring of protection from cold
Wands
 q - a wand of flame (29)
 w - a wand of acid (12)
Scrolls
 b - 2 scrolls of brand weapon {unknown}
 d - 2 scrolls of immolation {unknown}
 e - 5 scrolls of identify {unknown}
 h - 2 scrolls of fog {unknown}
 i - 6 scrolls of teleportation {unknown}
 l - 2 scrolls of fear {unknown}
 m - 2 scrolls of summoning {unknown}
 p - 2 scrolls of magic mapping {unknown}
 v - a scroll of vulnerability {unknown}
 y - a scroll of enchant weapon {unknown}
 z - a scroll of amnesia {unknown}
 A - a scroll of holy word {unknown}
Potions
 c - a potion of ambrosia {unknown}
 f - 3 potions of haste
 g - 2 potions of brilliance {unknown}
 k - a potion of flight {unknown}
 n - a potion of cancellation {unknown}
 o - 7 potions of curing {unknown}
 r - a potion of resistance {unknown}
 u - a potion of degeneration {unknown}


   Skills:
 + Level 4.4 Fighting
 + Level 4.3 Armour
 + Level 5.9 Dodging
 - Level 3.0 Stealth
 + Level 5.1 Spellcasting


You couldn't memorise any spells.
You knew the following spells:

 Your Spells              Type           Power      Damage    Failure   Level
a - Magic Dart            Conj           100%       1d8       1%          1
b - Searing Ray           Conj           56%        2d6       1%          2
c - Dazzling Flash        Conj/Hex       56%        N/A       3%          3
d - Fulminant Prism       Conj/Hex       14%        3d9       12%         4
e - Iskenderun's Mystic   Conj/Tloc      28%        2d7       12%         4
f - Foxfire               Conj/Fire      100%       2x1d9     1%          1
g - Poisonous Vapours     Pois/Air       56%        N/A       1%          2
h - Frozen Ramparts       Ice            56%        1d7       3%          3
Your spell library was empty.

Dungeon Overview and Level Annotations

Branches:
Dungeon (6/15)             Temple (1/1) D:4

Altars:
Ashenzari
Cheibriados
Dithmenos
Elyvilon
Fedhas
Gozag
Hepliaklqana
Kikubaaqudgha
Makhleb
Nemelex Xobeh
Qazlal
Ru
Uskayaw
Vehumet
Wu Jian
Yredelemnul
Zin
The Shining One

Annotations:
D:4 1 runed translucent door, Crazy Yiuf


Innate Abilities, Weirdness & Mutations

You are immune to sickness and miasma.
You are immune to poison.
Your flesh is very heat resistant. (rF++)
You are vulnerable to cold. (rC-)
You float through the air rather than walking.
You learn spells naturally, not from books.
Your magical power is your life essence.
You have superior vitality. (+4 MHP)


Message History

You cannot move.
Unknown command.
Unknown command.
Unknown command.
Something hits you. Something shocks you. Something hits you.
Something shocks you.
Casting: Iskenderun's Mystic Blast (dangerous; 12% risk of failure)
Confirm with . or Enter, or press ? or * to list all spells.
Aiming: Searing Ray (safe; 1% risk of failure)
Press: ? - help, Shift-Dir - straight line The searing ray hits something. (Press . to maintain the ray.)
You are no longer locked in place.
Something hits you. Something shocks you.
The searing ray hits something.
Something hits you.
* * * LOW HITPOINT WARNING * * *
Something shocks you.
* * * LOW HITPOINT WARNING * * *
* * * LOW HITPOINT WARNING * * *
Something hits you but does no damage.
* * * LOW HITPOINT WARNING * * *
You finish channelling your searing ray.
Something hits you.
* * * LOW HITPOINT WARNING * * *
Something shocks you.
* * * LOW HITPOINT WARNING * * *
Okay, then.
Okay, then.
Casting: Searing Ray (safe; 1% risk of failure)
Confirm with . or Enter, or press ? or * to list all spells.
Okay, then.
Casting: Searing Ray (safe; 1% risk of failure)
Confirm with . or Enter, or press ? or * to list all spells.
Aiming: Searing Ray (safe; 1% risk of failure)
Press: ? - help, Shift-Dir - straight line The searing ray hits something. (Press . to maintain the ray.)
* * * LOW HITPOINT WARNING * * *
Something hits you.
You die...

#......#
#......#
#......#
#......#
#......#
#......#+##
#..{.......
#####.†@.......
#..............
#....######....
#... ... +.. .
#. #


There were no monsters in sight!

Vanquished Creatures
  A black bear (D:4)
  An ogre (D:4)
  A phantom (D:5)
  Blork the orc (D:4)
  3 scorpions
  4 killer bees (D:5)
  2 howler monkeys (D:5)
  An orc priest (D:4)
  4 hounds
  A jelly (D:5)
  3 iguanas (D:5)
  4 orc wizards
  8 gnolls
  5 adders
  A shadow imp (D:5)
  An ufetubus (D:5)
  3 worms (D:3)
  2 dart slugs
  12 orcs
  2 endoplasms
  A giant cockroach (D:1)
  4 goblins
  4 hobgoblins
  5 quokkas
  3 ball pythons
  6 bats
  7 frilled lizards
  6 kobolds
  5 rats
101 creatures vanquished.

Vanquished Creatures (others)
  2 foxfires (D:5)
  A plant (D:3)
3 creatures vanquished.

Grand Total: 104 creatures vanquished

Notes
Turn   | Place    | Note
-------+----------+-------------------------------------------
     0 | D:1      | Essalna the Djinni Conjurer began the quest for the Orb.
     0 | D:1      | Reached XP level 1. HP: 15/15 MP: 0/0
   155 | D:1      | Reached XP level 2. HP: 15/21 MP: 0/0
   282 | D:1      | Found a faded altar of an unknown god.
   769 | D:1      | Reached XP level 3. HP: 23/25 MP: 0/0
   769 | D:1      | Learned a level 1 spell: Foxfire
  1255 | D:3      | Reached XP level 4. HP: 18/31 MP: 0/0
  1828 | D:2      | Reached XP level 5. HP: 27/36 MP: 0/0
  1828 | D:2      | Learned a level 2 spell: Poisonous Vapours
  2311 | D:2      | Reached skill level 1 in Armour
  2319 | D:2      | Reached skill level 1 in Fighting
  3223 | D:3      | Reached XP level 6. HP: 42/42 MP: 0/0
  3255 | D:3      | Identified the +1 robe of Tuigiero {rPois}
  3734 | D:4      | Noticed Blork the orc
  4190 | D:4      | Killed Blork the orc
  4191 | D:4      | Reached XP level 7. HP: 35/49 MP: 0/0
  4191 | D:4      | Learned a level 3 spell: Frozen Ramparts
  4295 | D:4      | Found a staircase to the Ecumenical Temple.
  4324 | Temple   | Entered the Ecumenical Temple
  4448 | Temple   | Became a worshipper of Makhleb the Destroyer
  5497 | D:4      | Found a runed translucent door.
  5498 | D:4      | Noticed Crazy Yiuf
  5550 | D:5      | Entered Level 5 of the Dungeon
  5585 | D:5      | Reached skill level 5 in Dodging
  5585 | D:5      | Reached XP level 8. HP: 35/56 MP: 0/0
  6733 | D:5      | Reached skill level 5 in Spellcasting
  7201 | D:6      | Slain by a sky beast

Illustrated notes

Levels and vault maps discovered:
D:1:      lightli_arrival_quake, layout_rooms, dreamdust_ecumenical_altar_grove,
          minivault_27
D:2:      minmay_inner_zag, layout_loops_corners
D:3:      layout_loops_ring, corexii_shack, st_stairs_12, saegor_snake_ambush
D:4:      layout_basic, minmay_temple_entry_arrows,
          chequers_serial_rivers_micro_c, abandoned_shop, uniq_blork_the_orc,
          uniq_crazy_yiuf_cottage
D:5:      layout_basic, kennysheep_doodads, minmay_fractal_squares_gapless_5
D:6:      layout_gridville, nicolae_alphabet_shops, nrook_mini_vaults
Temple:   mainiacjoe_temple_archimedes_tessellation

Skill      XL: |  1  2  3  4  5  6  7  8 |
---------------+-------------------------+-----
Stealth        | 2 3 |  3.0
Dodging        | 3 4 5 |  5.9
Armour         | 1 2 3 4 |  4.3
Fighting       | 1 2 3 4 |  4.4
Spellcasting   | 4 5 |  5.1

Action                   |  1- 3 |  4- 6 |  7- 9 || total
-------------------------+-------+-------+-------++-------
Melee: Spear             |       |     2 |    19 ||    21
       Punch             |       |       |     1 ||     1
 Cast: Magic Dart        |    43 |    71 |    61 ||   175
       Searing Ray       |     2 |    15 |    15 ||    32
       Frozen Ramparts   |       |       |     3 ||     3
       Iskenderun's Myst |       |       |     2 ||     2
       Foxfire           |       |       |     1 ||     1
Armor: Robe              |       |     1 |     8 ||     9
Dodge: Dodged            |     1 |    21 |    44 ||    66

Table legend: (Time is in decaauts)
 A = Elapsed time spent in this place.
 B = Non-inter-level travel time spent in this place.
 C = Inter-level travel time spent in this place.
 D = Time resting spent in this place.
 E = Time spent auto-exploring this place.
 F = Levels seen in this place.
 G = Mean time per level.
                   A        B        C        D        E       F      G
               +--------+--------+--------+--------+--------+-----+--------+
         Total |   7203 |   6983 |    220 |      0 |   6324 |   7 | 1029.0 |
       Dungeon |   7023 |   6864 |    159 |      0 |   6223 |   6 | 1170.5 |
        Temple |    179 |    118 |     61 |      0 |    101 |   1 |  179.0 |
               +--------+--------+--------+--------+--------+-----+--------+

Top non-repeatable levels by time:
     D:5: 1635 daAuts
     D:4: 1626 daAuts
     D:3: 1520 daAuts
     D:2: 1292 daAuts
     D:1: 932 daAuts
  Temple: 179 daAuts
     D:6: 16 daAuts
